 Dungeon Crawl Stone Soup version 0.19.5 (webtiles) character file.

219 oldfgg the Shooter (level 5, -2/50 HPs)
             Began as a Troll Hunter on Mar 24, 2017.
             Slain by an orc
             ... wielding a +0 flail
              (9 damage)
             ... on level 3 of the Dungeon.
             The game lasted 00:16:04 (2511 turns).

oldfgg the Shooter (Troll Hunter)                   Turns: 2511, Time: 00:16:05

Health: -2/50      AC:  7    Str: 20      XL:     5   Next: 63%
Magic:  4/4        EV: 10    Int:  7      God:
Gold:   132        SH:  0    Dex: 11 (13) Spells: 0 memorised, 4 levels left

rFire  + . .     SeeInvis .     i - +1 dagger (venom)
rCold  x . .     Gourm    +     c - +0 robe
rNeg   . . .     Faith    .     (no shield)
rPois  .         Spirit   .     (helmet restricted)
rElec  .         Reflect  .     (no cloak)
rCorr  .         Harm     .     (gloves unavailable)
MR     .....                    (boots unavailable)
Stlth  +.........               (no amulet)
                                l - ring of flight
                                k - ring of fire

@: no status effects
A: unfitting armour, claws 3, horns 1, thin metallic scales 1, agile 1, fast
metabolism 3, gourmand, regeneration 1, shaggy fur 1, tough skin 2
a: Evoke Flight


You were on level 3 of the Dungeon.
You were not hungry.

You visited 1 branch of the dungeon, and saw 3 of its levels.

You collected 132 gold pieces.

Inventory:

Hand Weapons
 a - a +1 shortbow
 i - a +1 dagger of venom (weapon)
Missiles
 d - 48 arrows
 m - 43 stones (quivered)
Armour
 c - a +0 robe (worn)
Jewellery
 k - a ring of fire (left claw)
 l - a ring of flight (right claw)
Scrolls
 j - 2 scrolls of remove curse
 n - a scroll of identify
Potions
 h - 3 potions of heal wounds


   Skills:
 + Level 2.4 Fighting
 + Level 1.1 Short Blades
 + Level 3.9 Bows
 + Level 1.0 Throwing
 + Level 2.2 Dodging
 + Level 0.5 Stealth


You had 4 spell levels left.
You didn't know any spells.

Dungeon Overview and Level Annotations

Branches:
Dungeon (3/15)

Altars:
Ashenzari


Innate Abilities, Weirdness & Mutations

You are too large for most types of armour.
You have claws for hands.
Your metabolism is lightning-fast.
You like to eat raw meat.
Your natural rate of healing is unusually fast.
You are covered in fur. (AC +1)
You have very tough skin. (AC +2)
You have a pair of small horns on your head.
You are partially covered in thin metallic scales. (AC +2)
You are agile. (Dex +2)


Message History

You see here a potion of heal wounds.
h - 3 potions of heal wounds (gained 1)
You feel a bit more experienced. The orc hits you with a hand axe.
You hit the orc.
The orc is poisoned.
You headbutt the orc.
You kill the orc!
Your Throwing skill increases to level 1!
The orc hits you with a hand axe. The orc closely misses you.
You hit the orc. Your headbutt misses the orc.
The orc is heavily wounded.
The orc hits you with a hand axe.
You hit the orc.
You kill the orc!
You hit the orc.
The orc is poisoned.
The orc is lightly wounded.
The orc closely misses you. The orc hits you with a flail.
You hit the orc but do no damage.
The orc is poisoned.
The orc hits you with a flail!
* * * LOW HITPOINT WARNING * * *
The orc barely misses you. The orc hits you with a flail!
You die...

#...(( #....( #.....
#........ #..... #........
.##...(## #........
..(.....(######### #[.....<.
#.(..........ooo.# #........
#..(....%....oo@.####........
#.(.....)...o##.............
#..(.........######.........
##.#..##..............#.#.##
#.##......##...........(..
...##...........)...#.#.##
....#....#..#.#.........#
...........................
..............).#..........


You could see 6 orcs.

Vanquished Creatures
  An orc priest (D:3)
  An orc wizard (D:3)
  Ijyb (D:2)
  4 adders (D:2)
  2 worms (D:2)
  5 dart slugs
  2 leopard geckos
  8 orcs (D:3)
  6 giant cockroaches
  7 goblins
  5 hobgoblins
  4 jackals
  3 quokkas
  2 ball pythons
  9 bats
  7 frilled lizards
  5 kobolds
  5 rats
77 creatures vanquished.

Notes
Turn   | Place    | Note
-------+----------+-------------------------------------------
     0 | D:1      | oldfgg the Troll Hunter began the quest for the Orb.
     0 | D:1      | Reached XP level 1. HP: 19/19 MP: 0/0
   228 | D:1      | Reached XP level 2. HP: 28/28 MP: 1/1
   329 | D:1      | Reached skill level 3 in Bows
   758 | D:2      | Reached XP level 3. HP: 35/35 MP: 2/2
  1016 | D:2      | Reached XP level 4. HP: 42/42 MP: 3/3
  1660 | D:2      | Noticed Ijyb
  1768 | D:2      | Killed Ijyb
  2245 | D:3      | Reached XP level 5. HP: 50/50 MP: 4/4
  2464 | D:3      | Found a shattered altar of Ashenzari.
  2476 | D:3      | Reached skill level 1 in Short Blades
  2502 | D:3      | Gained mutation: You are agile. (Dex +2) [potion of mutation]
  2502 | D:3      | Gained mutation: You are partially covered in thin metallic scales. (AC +2) [potion of mutation]
  2502 | D:3      | Gained mutation: You have a pair of small horns on your head. [potion of mutation]
  2507 | D:3      | Reached skill level 1 in Throwing
  2511 | D:3      | Slain by an orc

Skill      XL: |  1  2  3  4  5 |
---------------+----------------+-----
Bows           | 3 |  3.9
Fighting       | 2 |  2.4
Dodging        | 2 |  2.2
Short Blades   | 1 |  1.1
Throwing       | 1 |  1.0
Stealth        | |  0.5

Action                   |  1- 3 |  4- 6 || total
-------------------------+-------+-------++-------
Melee: Short sword       |    17 |   137 ||   154
       Dagger            |       |    21 ||    21
       Headbutt          |       |     1 ||     1
 Fire: Shortbow          |    82 |    53 ||   135
Throw: Stone             |       |    85 ||    85
  Use: Scroll            |       |     5 ||     5
       Potion            |       |     5 ||     5
  Eat: Chunk             |     2 |     2 ||     4
       Bread ration      |     1 |     2 ||     3
       Meat ration       |       |     1 ||     1
Armor: Robe              |    18 |    84 ||   102
Dodge: Dodged            |    19 |   120 ||   139
